 Dungeon Crawl Stone Soup version 0.21.1-1-g345015f (webtiles) character file.

4474 inc the Geomancer (level 10, -10/69 HPs)
             Began as an Octopode Earth Elementalist on June 12, 2018.
             Was an Initiate of Gozag.
             Mangled by a komodo dragon (22 damage)
             ... on level 8 of the Dungeon.
             The game lasted 00:18:17 (10459 turns).

inc the Geomancer (Octopode Earth Elementalist)    Turns: 10459, Time: 00:18:18

Health: -10/69     AC:  1    Str:  9    XL:     10   Next: 38%
Magic:  13/17      EV: 13    Int: 20    God:    Gozag
Gold:   865        SH:  7    Dex: 15    Spells: 8/19 levels left

rFire    . . .     SeeInvis .   l - +0 whip (venom)
rCold    . . .     Gourm    .   r - +1 buckler
rNeg     . . .     Faith    .   (helmet restricted)
rPois    .         Spirit   .   (no amulet)
rElec    .         Reflect  .   o - +3 ring of dexterity (curse)
rCorr    .         Harm     .   (no ring)
MR       .....                  (no ring)
Stlth    +++.......             (no ring)
HPRegen  0.21/turn              (no ring)
MPRegen  0.15/turn              (no ring)
                                (no ring)
                                (no ring)

@: no status effects
A: almost no armour, stealthy swim, amphibious, 8 rings, constrict 8, camouflage
1, gelatinous body 1
a: Potion Petition, Call Merchant, Bribe Branch, Renounce Religion


You were on level 8 of the Dungeon.
You worshipped Gozag.
Gozag was pleased with you.
You were full.

You visited 2 branches of the dungeon, and saw 9 of its levels.

You collected 934 gold pieces.
You paid 69 gold pieces to Gozag.

Inventory:

Hand Weapons
 l - a +0 whip of venom (weapon)
Missiles
 b - 113 stones (quivered)
Armour
 r - a +1 buckler (worn)
Jewellery
 o - a cursed +3 ring of dexterity (left tentacle)
 A - an uncursed ring of fire
Wands
 a - a wand of polymorph (12)
 s - a wand of iceblast (10)
 B - a wand of paralysis (16)
Scrolls
 e - 3 scrolls of teleportation
 g - a scroll of identify
 h - a scroll of amnesia
 w - 2 scrolls of magic mapping
 y - a scroll of vulnerability {unknown}
Potions
 f - 5 potions of degeneration
 i - 2 potions of cancellation {unknown}
 j - 5 potions of agility
 k - 2 potions of curing
 m - 4 potions of heal wounds
 n - 2 potions of flight
 p - 5 potions of might
 t - 2 potions of magic
 u - 3 potions of brilliance
 v - a potion of berserk rage
 x - 2 potions of haste {unknown}
 z - 2 potions of lignification {unknown}
Books
 d - a book of Geomancy

   Spells                             Type                      Level
   a - Sandblast                      Earth                        1
   b - Passwall                       Transmutation/Earth          2
   c - Stone Arrow                    Conjuration/Earth            3
   d - Petrify                        Transmutation/Earth          4
   e - Lee's Rapid Deconstruction     Earth                        5
 q - a book of Misfortune

   Spells                             Type                      Level
   a - Confusing Touch                Hexes                        1
   b - Confuse                        Hexes                        3
   c - Gell's Gravitas                Translocation                3
   d - Petrify                        Transmutation/Earth          4
   e - Metabolic Englaciation         Hexes/Ice                    5
   f - Yara's Violent Unravelling     Hexes/Transmutation          5
Comestibles
 c - 13 rations


   Skills:
 - Level 6.5 Fighting
 - Level 2.0 Dodging
 - Level 2.6 Stealth
 - Level 7.3 Shields
 + Level 5.0 Spellcasting
 - Level 1.0 Transmutations
 - Level 10.2 Earth Magic


You had 8 spell levels left.
You knew the following spells:

 Your Spells              Type           Power        Failure   Level  Hunger
a - Sandblast             Erth           #####.       1%          1    None
b - Passwall              Tmut/Erth      ####......   1%          2    None
c - Stone Arrow           Conj/Erth      ####..       4%          3    ##.....
d - Lee's Rapid Deconstr  Erth           #####.....   4%          5    #####..


Dungeon Overview and Level Annotations

Branches:
Dungeon (8/15)             Temple (1/1) D:5            Lair (0/6) D:8

Altars:
Ashenzari
Cheibriados
Elyvilon
Fedhas
Gozag
Hepliaklqana
Kikubaaqudgha
Makhleb
Nemelex Xobeh
Okawaru
Qazlal
Ru
Sif Muna
Trog
Uskayaw
Vehumet
Wu Jian
Xom
Yredelemnul
Zin
The Shining One

Shops:
D:6 [

Annotations:
D:3 inc's ghost, amateur OpTm
D:4 Natasha; inc's ghost, amateur OpFi
D:6 Grinder


Innate Abilities, Weirdness & Mutations

You cannot wear most types of armour.
You are very stealthy in the water. (Stealth+)
You are amphibious.
You can wear up to eight rings at the same time.
You can use your tentacles to constrict eight enemies at once.
Your skin changes colour to match your surroundings (Stealth+).
Your rubbery body absorbs attacks. (AC +1, EV +1)


Message History

The blast of sand hits the komodo dragon.
The komodo dragon is lightly wounded.
b - 114 stones
Casting: Sandblast
Confirm with . or Enter, or press ? or * to list all spells.
Aiming: Sandblast
Press: ? - help, Shift-Dir - straight line, f/p - komodo dragon
Aim: a komodo dragon (lightly wounded)
The blast of sand hits the komodo dragon.
The komodo dragon is moderately wounded.
b - 113 stones The komodo dragon bites you!!
The komodo dragon bites you!!
* * * LOW HITPOINT WARNING * * *
Casting: Sandblast
Confirm with . or Enter, or press ? or * to list all spells.
Which direction?
The komodo dragon bites you!!
You die...
Your body crumbles into a pile of gold.

...####.#......#.#...#..........#
......#.#.###..#.#...#....##....#
#.###.#.#.#....#.#...#..§#§§#...#
......#.#.#.#.##.#......#§§.#...#
#.###.#.#.#.#.##.#..###.##§§.....
#.# #.#.#.#....#.#.......§##....#
#.#####.#.###..#.#.#..#....§..###
#.........# #..#l#.#....#.#...#
#######...# #..#@#.##.#...#.#.#
..........###..#.#.##.#...#.#+###
########.......#.#.##.#...#......
##.......<.....#.#.##.#.#.#......
#.#####.......#.#.##...#.#......
#.# #########.#.######........
##.# ###.#.#............. ...#
####...#.#.####...#.... ####
###........#......#.#.###


You could see a komodo dragon.

Vanquished Creatures
  2 two-headed ogres (D:8)
  2 hippogriffs (D:7)
  A hungry ghost (D:8)
  A water moccasin (D:8)
  2 ice beasts
  3 black bears
  2 phantoms
  2 centaurs
  2 ogres
  3 bullfrogs
  3 scorpions
  An electric eel (D:8)
  2 crimson imps (D:5)
  2 orc priests
  3 hounds
  2 bullfrog skeletons
  A jelly (D:5)
  7 orc wizards
  An iron imp (D:2)
  A centaur skeleton (D:5)
  Terence (D:3)
  Natasha (twice) (D:4)
  2 iguanas
  10 worker ants
  A centaur simulacrum (D:8)
  A bullfrog simulacrum (D:8)
  A hound skeleton (D:7)
  7 gnolls
  6 adders
  2 shadow imps
  2 white imps (D:8)
  A worker ant simulacrum (D:8)
  An ufetubus (D:8)
  4 oozes
  7 worms
  5 dart slugs
  3 leopard geckos
  15 orcs
  A ball python (D:1)
  6 giant cockroaches
  14 goblins
  5 hobgoblins
  17 jackals
  5 quokkas
  8 bats
  7 frilled lizards
  5 kobolds
  13 rats
  A plant (D:8)
196 creatures vanquished.

Vanquished Creatures (others)
  A quokka (D:8)
  5 plants (D:8)
6 creatures vanquished.

Grand Total: 202 creatures vanquished

Notes
Turn   | Place    | Note
-------+----------+-------------------------------------------
     0 | D:1      | inc the Octopode Earth Elementalist began the quest for the Orb.
     0 | D:1      | Reached XP level 1. HP: 11/11 MP: 3/3
   150 | D:1      | Reached XP level 2. HP: 11/17 MP: 5/5
   729 | D:1      | Reached skill level 4 in Earth Magic
   905 | D:1      | Reached XP level 3. HP: 15/21 MP: 6/6
  1793 | D:2      | Found a radiant altar of Vehumet.
  1854 | D:2      | Reached XP level 4. HP: 21/27 MP: 7/7
  1997 | D:2      | Found a burning altar of Makhleb.
  2007 | D:2      | Reached skill level 5 in Earth Magic
  2768 | D:3      | Found a basalt altar of Yredelemnul.
  2769 | D:3      | Found a deep blue altar of Sif Muna.
  2906 | D:3      | Noticed inc's ghost (amateur OpTm)
  3227 | D:3      | Reached XP level 5. HP: 24/31 MP: 8/8
  3595 | D:3      | Found a glowing silver altar of Zin.
  3671 | D:3      | Noticed Terence
  3680 | D:3      | Killed Terence
  3806 | D:3      | Reached skill level 6 in Earth Magic
  4816 | D:4      | Noticed inc's ghost (amateur OpFi)
  5059 | D:4      | Reached XP level 6. HP: 27/36 MP: 9/9
  5137 | D:4      | Noticed Natasha
  5389 | D:4      | Found a snail-covered altar of Cheibriados.
  5393 | D:4      | Reached skill level 7 in Earth Magic
  5858 | D:4      | Killed Natasha
  5929 | D:4      | Reached XP level 7. HP: 41/41 MP: 7/10
  6060 | D:4      | Found a hide-covered altar of Uskayaw.
  6066 | D:4      | Reached skill level 8 in Earth Magic
  6170 | D:4      | Noticed Natasha
  6173 | D:4      | Killed Natasha
  6230 | D:4      | Noticed Natasha
  6254 | D:5      | Entered Level 5 of the Dungeon
  6649 | D:5      | Found a staircase to the Ecumenical Temple.
  6658 | D:5      | Reached skill level 9 in Earth Magic
  6669 | Temple   | Entered the Ecumenical Temple
  6743 | Temple   | Became a worshipper of Gozag Ym Sagoz the Greedy
  6831 | D:5      | Reached XP level 8. HP: 46/46 MP: 6/11
  7077 | D:5      | Noticed a moth of wrath
  7080 | D:5      | Found a bloodstained altar of Trog.
  7199 | D:6      | Found a stormy altar of Qazlal.
  7240 | D:6      | Reached skill level 10 in Earth Magic
  7293 | D:6      | Found Belouje's Antique Armour Boutique.
  7316 | D:6      | Reached skill level 1 in Shields
  7478 | D:6      | Noticed Grinder
  7478 | D:6      | Paralysed by Grinder for 2 turns
  7827 | D:6      | Found an iron altar of Okawaru.
  8088 | D:7      | Reached skill level 5 in Shields
  8088 | D:7      | Reached XP level 9. HP: 48/51 MP: 9/12
  8586 | D:8      | Reached skill level 1 in Fighting
  8588 | D:8      | Noticed a two-headed ogre
  8606 | D:8      | Killed a two-headed ogre
  8606 | D:8      | Reached skill level 5 in Fighting
  9031 | D:8      | Reached XP level 10. HP: 65/68 MP: 6/13
  9142 | D:8      | Learned a level 2 spell: Passwall
  9146 | D:8      | Learned a level 3 spell: Stone Arrow
  9152 | D:8      | Learned a level 5 spell: Lee's Rapid Deconstruction
  9393 | D:8      | Found a staircase to the Lair.
  9850 | D:8      | Noticed a two-headed ogre
 10127 | D:8      | Killed a two-headed ogre
 10127 | D:8      | Reached skill level 5 in Spellcasting
 10380 | D:8      | Found a blossoming altar of Fedhas.
 10459 | D:8      | Mangled by a komodo dragon

Skill      XL: |  1  2  3  4  5  6  7  8  9 10 |
---------------+-------------------------------+-----
Earth Magic    | 4 5 6 7 9 10 | 10.2
Shields        | 5 7 |  7.3
Fighting       | 6 |  6.5
Spellcasting   | 5 |  5.0
Dodging        | |  2.0
Stealth        | |  2.6
Transmutations | |  1.0

Action                   |  1- 3 |  4- 6 |  7- 9 | 10-12 || total
-------------------------+-------+-------+-------+-------++-------
Melee: Unarmed           |    68 |       |       |       ||    68
       Constrict         |    25 |    34 |     5 |     3 ||    67
       Tentacles         |    21 |    23 |     3 |     4 ||    51
       Whip              |    22 |   126 |     8 |    11 ||   167
 Cast: Sandblast         |     6 |     3 |   165 |    25 ||   199
       Stone Arrow       |       |       |       |     6 ||     6
       Passwall          |       |       |       |     5 ||     5
       Lee's Rapid Decon |       |       |       |     4 ||     4
  Use: Scroll            |       |     8 |     6 |       ||    14
 Stab: Sleeping          |     7 |    10 |       |     1 ||    18
  Eat: Chunk             |     3 |    13 |     2 |       ||    18
       Ration            |       |       |     4 |     2 ||     6
Armor: Skin              |    11 |     9 |     4 |       ||    24
Dodge: Dodged            |    50 |    84 |    34 |     8 ||   176
Block: Buckler           |       |       |    15 |     5 ||    20
